Map: Coda LE (Void)

Players

IWillFindYou - Winner!

  • Race: Zerg Zerg
  • League: Grandmaster

Javert

  • Race: Zerg Zerg
  • League: Grandmaster

VOD

Have the link to the VOD?

Description

Time

  • Played on: June 26, 2015, 9:57 p.m.
  • Length: 3:29
Show
View Real Time Build Order
Export as new Build Order

IWillFindYou Zerg - Winner!

Build Orders: Hatch First 

Get SALT Encoding   

  12  0:01  Drone  
  13  0:09  Drone  
  14  0:16  Drone, Extractor  
  15  0:42  Hatchery  
  14  0:47  Extractor  
  14  0:48  Drone  
  15  1:01  Spawning Pool  
  14  1:04  Extractor  
  14  1:05  Extractor  
  14  1:07  Drone  
  13  1:11  Drone  
  13  1:16  Overlord  
  16  1:34  Drone  
  16  1:35  Drone  
  18  1:40  Drone  
  19  1:48  Queen  
  19  1:51  Drone  
  22  1:55  Queen  
  22  1:56  Drone  
  25  2:02  Drone  
  25  2:06  Drone  
  27  2:12  Overlord  
  27  2:15  Extractor  
  26  2:17  Drone  
  27  2:23  Drone  
  28  2:30  Drone, Queen  
  28  2:34  Queen  
  33  2:40  Drone x2  
  35  2:49  Drone  
  36  2:52  Overlord  
  36  3:03  Overlord  
  36  3:05  Overlord  
  36  3:06  Overlord  
Show
View Real Time Build Order
Export as new Build Order

Javert Zerg 

Build Orders: Hatch First 

Get SALT Encoding   

  12  0:03  Drone  
  13  0:12  Overlord  
  13  0:18  Drone  
  14  0:31  Drone x2  
  16  0:51  Hatchery  
  16  0:55  Drone  
  16  0:59  Extractor  
  16  1:02  Drone  
  16  1:03  Drone  
  17  1:20  Spawning Pool  
  17  1:24  Drone  
  17  1:28  Drone  
  17  1:31  Drone  
  19  1:41  Drone  
  20  1:53  Overlord  
  21  2:01  Drone  
  21  2:07  Metabolic Boost  
  21  2:08  Queen  
  21  2:13  Zergling x2  
  21  2:14  Zergling x2  
  25  2:18  Zergling x2  
  26  2:29  Zergling x4  
  28  2:36  Queen  
  30  2:43  Drone  
  30  2:44  Drone  
  32  2:52  Drone x2  
  34  2:59  Drone x2  
Tags
 
Add a new tag
Caveats
  • Supply blocks, unpowered buildings, or Contaminate may cause inaccurate times.
  • Supply counts are checked every 10 seconds.